Unix NetHack Version 5.0.0-0 post-release - last build May  4 2026 22:22:43 (774f63e81ad911689b3a0859ea89b322d5daca8d,branch:main).

Game began 2026-05-06 10:35:03, ended 2026-05-07 05:17:05.

246786432, lawful male human Knight

  ----------
  |........|                      --------
  |.........#        -----        |......)#
  |........|#        |....#       |......|#
  --------.-#        |...|#      #.......|#
          ###     ###|"..|#      #|......|#
          #       ###...`|#      #|......|#
     ######  ######  -----#      #--------@
     #    ####    #       #      ###     d#
   ###    ##    ###       #        ##    #
 --|--    #-----#         #         #
 |...|    #|....#         #         #
 |.`%|    #....|          #---------#
 |...|#####|...-######    #........|#
 |.<.|   # -----#  #       |.......|#
 -----   #####  #  ########|........#
              ###          ---------

246786432 the Esquire    St:11 Dx:9 Co:12 In:8 Wi:16 Ch:18  Lawful
Dlvl:3  $:34 HP:0(31) Pw:27(27) AC:10 Xp:4 T:2886 

Latest messages:
 There is nothing here to pick up.
 There is nothing here to pick up.
 You hear the splashing of a naiad.
 You hear a jackal howling at the moon.
 #pepeat: unknown extended command.
 In what direction? r
 Never mind.
 o - a dart (4 in total).
 There is nothing here to pick up.
 You hear a jackal howling at the moon.
 You hit the werejackal.
 The werejackal bites!
 The werejackal changes into a human.
 What do you want to throw? [$ko or ?*] ?
 In what direction? 6
 You aren't wielding a bow, so you throw your arrow by hand.
 The orcish arrow misses the werejackal.
 The werejackal wields a long sword!
 What do you want to throw? [$ko or ?*] $
 In what direction? 6
 The gold pieces miss the werejackal.
 The werejackal swings her long sword.
 The werejackal hits!
 The werejackal changes into a jackal.
 The werejackal drops a long sword.
 The werejackal bites!
 You feel feverish.
 The werejackal bites!
 a - a long sword.
 $ - 34 gold pieces.
 k - an orcish arrow (3 in total).
 The werejackal bites!
 The werejackal bites!
 What do you want to throw? [$ako or ?*] o
 In what direction? 4
 The dart hits the werejackal.
 The werejackal bites!
 The werejackal bites!
 The werejackal bites!
 The werejackal changes into a human.
 The werejackal hits!
 The werejackal changes into a jackal.
 The werejackal bites!
 The werejackal bites!
 You die...
 Do you want your possessions identified? [ynq] (y) y
 Do you want to see your attributes? [ynq] (y) y
 Do you want an account of creatures vanquished? [ynaq] (y) y
 Do you want to see your conduct and achievements? [ynq] (y) y
 Do you want to see the dungeon overview? [ynq] (y) y

Inventory:
 Coins    ('$')
  $ - 34 gold pieces
 Weapons  (')')
  k - 3 +0 orcish arrows
  o - 3 blessed +1 darts
  a - a +1 long sword
 Armor    ('[')
  d - an uncursed +0 helmet
  f - an uncursed +0 pair of leather gloves
  e - an uncursed +0 small shield
  c - an uncursed +1 ring mail
 Comestibles  ('%')
  g - 10 uncursed apples
  h - 8 uncursed carrots
  m - 2 uncursed food rations
  x - an uncursed fortune cookie
  v - an uncursed tripe ration
 Scrolls  ('?')
  l - an uncursed scroll of create monster
  i - an uncursed scroll of enchant weapon
 Spellbooks  ('+')
  s - an uncursed spellbook of magic mapping
 Potions  ('!')
  w - an uncursed potion of object detection

246786432 the Knight's attributes:

Background:
 You were an Esquire, a level 4 male human Knight.
 You were lawful, on a mission for Lugh
 who was opposed by Brigit (neutral) and Manannan Mac Lir (chaotic).
 You were right-handed.
 You were in the Dungeons of Doom, on level 3.
 You entered the dungeon 2886 turns ago.
 It was nighttime.
 You had 90 experience points, 70 more were needed to attain level 5.

Basics:
 You had 0 out of 31 hit points.
 You had all 27 energy points (spell power).
 Your armor class was 10.
 Your wallet contained 34 zorkmids.
 Autopickup was on for all types.

Final Characteristics:
 Your strength was 11 (peak:14, limit:18/100).
 Your dexterity was 9 (limit:18).
 Your constitution was 12 (limit:18).
 Your intelligence was 8 (limit:18).
 Your wisdom was 16 (limit:18).
 Your charisma was 18 (limit:18).

Final Status:
 You weren't hungry.
 You were unencumbered.
 You were bare handed.
 You had basic skill with bare handed combat.
 You weren't wearing any armor.

Final Attributes:
 You were piously aligned.
 You were level-drain resistant.
 You could jump.
 You were a werejackal.
 You were harmed by silver.
 You are dead.

Miscellaneous:
 You didn't encounter any bones levels.
 Total elapsed playing time was 1 hour, 6 minutes and 53 seconds.

Major events:
 Turn
    1: 246786432 the lawful male human Knight entered the dungeon
  883: attained the rank of Esquire (level 3)
 2886: killed by a werejackal

You didn't know any spells.

Skills:
 Fighting Skills
   bare handed combat [Basic]
   two weapon combat  [Unskilled]
   riding             [Basic]
 Weapon Skills
   dagger             [Unskilled]
   knife              [Unskilled]
   axe                [Unskilled]
   pick-axe           [Unskilled]
   short sword        [Unskilled]
   broadsword         [Unskilled]
   long sword         [Basic]
   two-handed sword   [Unskilled]
   saber              [Unskilled]
   club               [Unskilled]
   mace               [Unskilled]
   morning star       [Unskilled]
   flail              [Unskilled]
   hammer             [Unskilled]
   polearms           [Unskilled]
   spear              [Unskilled]
   trident            [Unskilled]
   lance              [Basic]
   bow                [Unskilled]
   crossbow           [Unskilled]
 Spellcasting Skills
   attack spells      [Unskilled]
   healing spells     [Unskilled]
   clerical spells    [Unskilled]

Voluntary challenges:
 Character rerolling was not enabled.
 You were illiterate.
 You never genocided any monsters.
 You never polymorphed an object.
 You used no wishes.
Achievement:
 You attained the rank of Esquire.

 The Dungeons of Doom: levels 1 to 3
    Level 1:
    Level 2:
    Level 3: "5" <- You were here.
       Final resting place for
          you, killed by a werejackal.


Vanquished creatures:
  a homunculus
  a wererat
  3 iguanas
 an acid blob
  a large kobold
  a hobgoblin
  a giant rat
  2 cave spiders
  a green mold
  a red mold
  a gnome zombie
  4 geckos
  2 jackals
  a kobold
  a goblin
  3 grid bugs
  4 lichens
  a kobold zombie
  4 newts
34 creatures vanquished.

No species were genocided or became extinct.

Game over:
                       ----------
                      /          \
                     /    REST    \
                    /      IN      \
                   /     PEACE      \
                  /                  \
                  |    246786432     |
                  |      34 Au       |
                  |   killed by a    |
                  |    werejackal    |
                  |                  |
                  |                  |
                  |       2026       |
                 *|     *  *  *      | *
        _________)/\\_//(\/(/\)/\//\/|_)_______

Fare thee well 246786432 the Knight...

You died in The Dungeons of Doom on dungeon level 3 with 491 points,
and 34 pieces of gold, after 2886 moves.
You were level 4 with a maximum of 31 hit points when you died.

